TOP OF THE 1ST |
Bakersfield Nobles batting - Pitching for Bloomington Longnecks : RHP John Walton
|
Pitching: RHP John Walton
|
|
Batting: RHB Francisco Agámez
|
0-0: SINGLE (Groundball, 6MD)
|
Batting: LHB Hideki Hisanobu
|
0-0: Ball Francisco Agámez steals 2nd base 1-0: Ball 2-0: Ball 3-0: Called Strike 3-1: Foul Ball, location: 2F 3-2: SINGLE (Line Drive, 9S) Francisco Agámez to third
|
Batting: RHB Terry John
|
0-0: Ball 1-0: Fly out, F9 (Line Drive, 9) Runner from 3rd tags up, OUT at HOME Hideki Hisanobu to second
|
Batting: LHB Jesús Reyes
|
0-0: SINGLE (Flyball, 9S) Hideki Hisanobu to third Runner from 3rd tries for Home, SAFE, no throw
|
Batting: SHB Fernando Luna
|
0-0: Called Strike 0-1: Called Strike 0-2: Foul Ball, location: 2F 0-2: Ball 1-2: Foul Ball, location: 2F 1-2: Foul Ball, location: 2F 1-2: Ball 2-2: Foul Ball, location: 2F 2-2: Foul Ball, location: 2F 2-2: SINGLE (Line Drive, 34D) Jesús Reyes to second Runner from 2nd tries for 3rd, SAFE, no throw
|
Pinch Runner at 3rd Jorge Velázquez:
|
|
Batting: LHB Juan Alvarado
|
0-0: Ball 1-0: Fly out, F3 (Popup, 3S)
|
Top of the 1st over - 1 run, 4 hits, 0 errors, 2 left on base; Bakersfield 1 - Bloomington 0 |
BOTTOM OF THE 1ST |
Bloomington Longnecks batting - Pitching for Bakersfield Nobles : RHP Juan Sánchez
|
Pitching: RHP Juan Sánchez
|
|
Now at 1B: Jorge Velázquez
|
|
Batting: SHB Benedict Patel
|
0-0: Called Strike 0-1: Ball 1-1: SINGLE (Groundball, 34D)
|
Batting: RHB Bastiaan Pieterse
|
0-0: Ball 1-0: 2-RUN HOME RUN (Flyball, 7LD), Distance : 343 ft
|
Batting: RHB Frank Crocker
|
0-0: Ball 1-0: Called Strike 1-1: Foul Ball, location: 2F 1-2: Strikes out swinging, 2-3 out at first.
|
Batting: RHB Miguel Elías
|
0-0: Ball 1-0: Ball 2-0: Called Strike 2-1: Ball 3-1: Fly out, F9 (Flyball, 9D)
|
Batting: RHB Sébastien Bernard
|
0-0: Ball 1-0: Called Strike 1-1: Ball 2-1: Swinging Strike 2-2: Ground out 6-3 (Groundball, 6)
|
Bottom of the 1st over - 2 runs, 2 hits, 0 errors, 0 left on base; Bakersfield 1 - Bloomington 2 |
TOP OF THE 2ND |
Bakersfield Nobles batting - Pitching for Bloomington Longnecks : RHP John Walton
|
Batting: RHB Pedro Hernández
|
0-0: Ground out 4-3 (Groundball, 4MD)
|
Batting: RHB Charlie Rhodes
|
0-0: TRIPLE (Flyball, 9LD)
|
Batting: RHB Wade Killefer
|
0-0: Ball 1-0: Ball Wild Pitch! Charlie Rhodes scores 2-0: Called Strike 2-1: Ground out 4-3 (Groundball, 34)
|
Batting: RHB Francisco Agámez
|
0-0: Ball 1-0: Ground out 5-3 (Groundball, 56S)
|
Top of the 2nd over - 1 run, 1 hit, 0 errors, 0 left on base; Bakersfield 2 - Bloomington 2 |
BOTTOM OF THE 2ND |
Bloomington Longnecks batting - Pitching for Bakersfield Nobles : RHP Juan Sánchez
|
Batting: RHB Tony Martínez
|
0-0: Swinging Strike 0-1: Ball 1-1: Swinging Strike 1-2: Strikes out looking
|
Batting: RHB Lev Migranov
|
0-0: Ball 1-0: Ball 2-0: Foul Ball, location: 2F 2-1: Foul Ball, location: 2F 2-2: Ball 3-2: Base on Balls
|
Batting: RHB Eun-bum Kim
|
0-0: Ball 1-0: Ball 2-0: Ball 3-0: Base on Balls Lev Migranov to second
|
Batting: RHB Mike Mays
|
0-0: Foul Ball, location: 2F 0-1: Grounds into double play, 5-4-3 (Groundball, 56)
|
Bottom of the 2nd over - 0 runs, 0 hits, 0 errors, 1 left on base; Bakersfield 2 - Bloomington 2 |
TOP OF THE 3RD |
Bakersfield Nobles batting - Pitching for Bloomington Longnecks : RHP John Walton
|
Batting: LHB Hideki Hisanobu
|
0-0: Called Strike 0-1: Ball 1-1: Ball 2-1: Foul Ball, location: 2F 2-2: Foul Ball, location: 2F 2-2: Ground out 6-3 (Groundball, 6)
|
Batting: RHB Terry John
|
0-0: Called Strike 0-1: Called Strike 0-2: Foul Ball, location: 2F 0-2: Strikes out looking
|
Batting: SHB Jorge Velázquez
|
0-0: Ball 1-0: Called Strike 1-1: Ball 2-1: Ball 3-1: Base on Balls
|
Batting: SHB Fernando Luna
|
0-0: Called Strike 0-1: SINGLE (Groundball, 4D) Jorge Velázquez to second Runner from 2nd tries for 3rd, SAFE, no throw
|
Batting: LHB Juan Alvarado
|
0-0: Ball 1-0: Called Strike 1-1: Foul Ball, location: 2F 1-2: Ball 2-2: Ground out 4-3 (Groundball, 34D)
|
Top of the 3rd over - 0 runs, 1 hit, 0 errors, 2 left on base; Bakersfield 2 - Bloomington 2 |
BOTTOM OF THE 3RD |
Bloomington Longnecks batting - Pitching for Bakersfield Nobles : RHP Juan Sánchez
|
Batting: SHB Benedict Patel
|
0-0: Called Strike 0-1: Foul Ball, location: 2F 0-2: Strikes out swinging
|
Batting: RHB Bastiaan Pieterse
|
0-0: Called Strike 0-1: Called Strike 0-2: Strikes out looking
|
Batting: RHB Frank Crocker
|
0-0: Ball 1-0: SOLO HOME RUN (Flyball, 7LD), Distance : 359 ft
|
Batting: RHB Miguel Elías
|
0-0: Ball 1-0: Ball 2-0: Ball 3-0: Called Strike 3-1: Ground out 6-3 (Groundball, 6S)
|
Bottom of the 3rd over - 1 run, 1 hit, 0 errors, 0 left on base; Bakersfield 2 - Bloomington 3 |
TOP OF THE 4TH |
Bakersfield Nobles batting - Pitching for Bloomington Longnecks : RHP John Walton
|
Batting: RHB Pedro Hernández
|
0-0: Ground out 5-3 (Groundball, 56S)
|
Batting: RHB Charlie Rhodes
|
0-0: Ball 1-0: Called Strike 1-1: Fly out, F8 (Flyball, 8LD)
|
Batting: RHB Wade Killefer
|
0-0: Ball 1-0: Ball 2-0: Called Strike 2-1: Ground out 6-3 (Groundball, 56)
|
Top of the 4th over - 0 runs, 0 hits, 0 errors, 0 left on base; Bakersfield 2 - Bloomington 3 |
BOTTOM OF THE 4TH |
Bloomington Longnecks batting - Pitching for Bakersfield Nobles : RHP Juan Sánchez
|
Batting: RHB Sébastien Bernard
|
0-0: Ball 1-0: Fly out, F3 (Popup, 34S)
|
Batting: RHB Tony Martínez
|
0-0: Swinging Strike 0-1: Foul Ball, location: 2F 0-2: Ground out 5-3 (Groundball, 56S)
|
Batting: RHB Lev Migranov
|
0-0: Fly out, F7 (Flyball, 7LM)
|
Bottom of the 4th over - 0 runs, 0 hits, 0 errors, 0 left on base; Bakersfield 2 - Bloomington 3 |
TOP OF THE 5TH |
Bakersfield Nobles batting - Pitching for Bloomington Longnecks : RHP John Walton
|
Batting: RHB Francisco Agámez
|
0-0: Swinging Strike 0-1: Foul Ball, location: 2F 0-2: Foul Ball, location: 2F 0-2: Ground out 4-3 (Groundball, 34)
|
Batting: LHB Hideki Hisanobu
|
0-0: SINGLE (Groundball, 34D)
|
Batting: RHB Terry John
|
0-0: Fielders Choice at 2nd, 4-6 (Groundball, 4)
|
Batting: SHB Jorge Velázquez
|
0-0: Called Strike 0-1: Foul Ball, location: 2F 0-2: Ball 1-2: SINGLE (Flyball, 7S) Terry John to second
|
Batting: SHB Fernando Luna
|
0-0: Swinging Strike 0-1: Fly out, F8 (Flyball, 78D)
|
Top of the 5th over - 0 runs, 2 hits, 0 errors, 2 left on base; Bakersfield 2 - Bloomington 3 |
BOTTOM OF THE 5TH |
Bloomington Longnecks batting - Pitching for Bakersfield Nobles : RHP Juan Sánchez
|
Batting: RHB Eun-bum Kim
|
0-0: Foul Ball, location: 2F 0-1: Swinging Strike 0-2: Strikes out swinging
|
Batting: RHB Mike Mays
|
0-0: Ball 1-0: Ball 2-0: Called Strike 2-1: Ball 3-1: Swinging Strike 3-2: Base on Balls
|
Batting: SHB Benedict Patel
|
0-0: Ball 1-0: Ball 2-0: Ball 3-0: Base on Balls Mike Mays to second
|
Batting: RHB Bastiaan Pieterse
|
0-0: Ball 1-0: Fly out, F7 (Flyball, 7S)
|
Batting: RHB Frank Crocker
|
0-0: Called Strike 0-1: Swinging Strike 0-2: Foul Ball, location: 2F 0-2: Strikes out swinging
|
Bottom of the 5th over - 0 runs, 0 hits, 0 errors, 2 left on base; Bakersfield 2 - Bloomington 3 |
TOP OF THE 6TH |
Bakersfield Nobles batting - Pitching for Bloomington Longnecks : RHP John Walton
|
Batting: LHB Juan Alvarado
|
0-0: Ball 1-0: Foul Ball, location: 2F 1-1: Ball 2-1: Foul Ball, location: 2F 2-2: Ground out 3-1 (Groundball, 34D)
|
Batting: RHB Pedro Hernández
|
0-0: Ball 1-0: Ball 2-0: Ground out U3 (Groundball, 3)
|
Batting: RHB Charlie Rhodes
|
0-0: Ball 1-0: Foul Ball, location: 2F 1-1: SINGLE (Line Drive, 56)
|
Batting: RHB Wade Killefer
|
0-0: Ball 1-0: Foul Ball, location: 2F 1-1: Ball 2-1: Foul Ball, location: 2F 2-2: Ball 3-2: Base on Balls Charlie Rhodes to second
|
Batting: RHB Francisco Agámez
|
0-0: SINGLE (Line Drive, 56) Charlie Rhodes to third Wade Killefer to second Runner from 3rd tries for Home, SAFE, no throw
|
Pitching: LHP Steve Wortley
|
|
Batting: LHB Hideki Hisanobu
|
0-0: Fielders Choice at 2nd, 6-4 (Groundball, 56)
|
Top of the 6th over - 1 run, 2 hits, 0 errors, 2 left on base; Bakersfield 3 - Bloomington 3 |
BOTTOM OF THE 6TH |
Bloomington Longnecks batting - Pitching for Bakersfield Nobles : RHP Juan Sánchez
|
Batting: RHB Miguel Elías
|
0-0: SINGLE (Line Drive, 4M)
|
Batting: RHB Sébastien Bernard
|
0-0: Swinging Strike 0-1: Ball 1-1: Called Strike 1-2: Ball 2-2: Strikes out looking
|
Batting: RHB Tony Martínez
|
0-0: Called Strike 0-1: Ball 1-1: SINGLE (Line Drive, 8LS) Miguel Elías to second
|
Batting: RHB Lev Migranov
|
0-0: Called Strike 0-1: SINGLE (Groundball, 6MD) Miguel Elías to third Tony Martínez to second Runner from 3rd tries for Home, SAFE, throw made home
|
Batting: RHB Eun-bum Kim
|
0-0: SINGLE (Groundball, 6MD) Tony Martínez to third Lev Migranov to second Runner from 3rd tries for Home, SAFE, throw made home
|
Pitching: RHP Shuntavyious Primes-Willes
|
|
Batting: RHB Mike Mays
|
0-0: Ball 1-0: Grounds into double play, 6-4-3 (Groundball, 6)
|
Bottom of the 6th over - 2 runs, 4 hits, 0 errors, 1 left on base; Bakersfield 3 - Bloomington 5 |
TOP OF THE 7TH |
Bakersfield Nobles batting - Pitching for Bloomington Longnecks : LHP Steve Wortley
|
Batting: RHB Terry John
|
0-0: Called Strike 0-1: Ball 1-1: Ground out 1-3 (Groundball, 13)
|
Batting: SHB Jorge Velázquez
|
0-0: Ground out 6-3 (Groundball, 6)
|
Batting: SHB Fernando Luna
|
0-0: Called Strike 0-1: Ball 1-1: SINGLE (Groundball, 6MD)
|
Batting: LHB Juan Alvarado
|
0-0: Ball 1-0: Called Strike 1-1: Foul Ball, location: 2F 1-2: SINGLE (Groundball, 56D) Fernando Luna to second
|
Batting: RHB Pedro Hernández
|
0-0: Ball 1-0: Foul Ball, location: 2F 1-1: Ball 2-1: Ball 3-1: Foul Ball, location: 2F 3-2: Base on Balls Fernando Luna to third Juan Alvarado to second
|
Batting: RHB Charlie Rhodes
|
0-0: Called Strike 0-1: Ball 1-1: Ball 2-1: Called Strike 2-2: Ball 3-2: Foul Ball, location: 2F 3-2: Strikes out swinging
|
Top of the 7th over - 0 runs, 2 hits, 0 errors, 3 left on base; Bakersfield 3 - Bloomington 5 |
BOTTOM OF THE 7TH |
Bloomington Longnecks batting - Pitching for Bakersfield Nobles : RHP Shuntavyious Primes-Willes
|
Batting: SHB Benedict Patel
|
0-0: Ball 1-0: Ball 2-0: Called Strike 2-1: Ball 3-1: Swinging Strike 3-2: Fly out, F8 (Flyball, 8LS)
|
Batting: RHB Bastiaan Pieterse
|
0-0: Foul Ball, location: 2F 0-1: Ball 1-1: Called Strike 1-2: Strikes out looking
|
Batting: RHB Frank Crocker
|
0-0: Ball 1-0: Ball 2-0: Called Strike 2-1: Ball 3-1: Swinging Strike 3-2: Foul Ball, location: 2F 3-2: Strikes out swinging, 2-3 out at first.
|
Bottom of the 7th over - 0 runs, 0 hits, 0 errors, 0 left on base; Bakersfield 3 - Bloomington 5 |
TOP OF THE 8TH |
Bakersfield Nobles batting - Pitching for Bloomington Longnecks : LHP Steve Wortley
|
Now at C: Pacu Martic
|
|
Batting: RHB Wade Killefer
|
0-0: Called Strike 0-1: Ball 1-1: Ball 2-1: Foul Ball, location: 2F 2-2: Strikes out swinging
|
Batting: RHB Francisco Agámez
|
0-0: Foul Ball, location: 2F 0-1: Foul Ball, location: 2F 0-2: Strikes out swinging
|
Batting: LHB Hideki Hisanobu
|
0-0: Called Strike 0-1: Ball 1-1: Ball 2-1: SINGLE (Line Drive, 89S)
|
Batting: RHB Terry John
|
0-0: Called Strike 0-1: Ball 1-1: Foul Ball, location: 2F 1-2: Ball 2-2: Ball 3-2: SINGLE (Line Drive, 56) Hideki Hisanobu to second Hideki Hisanobu to third
|
Pitching: RHP Dermot Eridge
|
|
Batting: SHB Jorge Velázquez
|
0-0: Fielders Choice at 2nd, U4 (Groundball, 4M)
|
Top of the 8th over - 0 runs, 2 hits, 0 errors, 2 left on base; Bakersfield 3 - Bloomington 5 |
BOTTOM OF THE 8TH |
Bloomington Longnecks batting - Pitching for Bakersfield Nobles : RHP Shuntavyious Primes-Willes
|
Batting: RHB Miguel Elías
|
0-0: Ball 1-0: Ball 2-0: Ball 3-0: Called Strike 3-1: Called Strike 3-2: Strikes out swinging
|
Batting: RHB Sébastien Bernard
|
0-0: Ball 1-0: Called Strike 1-1: Swinging Strike 1-2: Ball 2-2: Ground out 5-3 (Groundball, 56)
|
Batting: RHB Tony Martínez
|
0-0: Ground out 5-3 (Groundball, 2L)
|
Bottom of the 8th over - 0 runs, 0 hits, 0 errors, 0 left on base; Bakersfield 3 - Bloomington 5 |
TOP OF THE 9TH |
Bakersfield Nobles batting - Pitching for Bloomington Longnecks : RHP Dermot Eridge
|
Pitching: RHP Mark Zaugg
|
|
Batting: SHB Fernando Luna
|
0-0: Ball 1-0: Foul Ball, location: 2F 1-1: Foul Ball, location: 2F 1-2: Strikes out looking
|
Batting: LHB Juan Alvarado
|
0-0: Ball 1-0: Foul Ball, location: 2F 1-1: Fly out, F9 (Flyball, 9D)
|
Batting: RHB Pedro Hernández
|
0-0: Swinging Strike 0-1: Ground out 6-3 (Groundball, 6)
|
Top of the 9th over - 0 runs, 0 hits, 0 errors, 0 left on base; Bakersfield 3 - Bloomington 5 |
|